 Dungeon Crawl Stone Soup version 0.16.1-51-g6203257 (webtiles) character file.

238 Miyamura the Shooter (level 5, -2/36 HPs)
             Began as a High Elf Hunter on Aug 8, 2015.
             Slain by a worker ant (4 damage)
             ... on level 4 of the Dungeon.
             The game lasted 00:13:29 (2873 turns).

Miyamura the Shooter (High Elf Hunter)              Turns: 2873, Time: 00:13:29

Health: -2/36      AC:  5    Str: 11    XL:     5   Next: 78%
Magic:  8/8        EV: 13    Int: 15    God:
Gold:   106        SH:  0    Dex: 16    Spells: 0 memorised, 4 levels left

rFire  . . .     SeeInvis .     b - +1 shortbow
rCold  . . .     Clarity  .     d - +1 leather armour
rNeg   + . .     SustAb   .     (no shield)
rPois  .         Gourm    .     (no helmet)
rElec  .         Spirit   .     (no cloak)
rCorr  .         Warding  .     (no gloves)
rMut   .         Stasis   .     x - +0 pair of boots
MR     .....                    (no amulet)
Stlth  ++........               g - ring of positive energy
                                u - ring of flight

@: not resistant to hostile enchantments, unstealthy
A: no striking features
a: Evoke Flight


You were on level 4 of the Dungeon.
You were not hungry.

You visited 1 branch of the dungeon, and saw 4 of its levels.

You collected 106 gold pieces.

Inventory:

Hand weapons
 b - a +1 shortbow (weapon)
 w - a +0 falchion
Missiles
 c - 16 arrows (quivered)
Armour
 d - a +1 leather armour (worn)
 x - a +0 pair of boots (worn)
Jewellery
 g - a ring of positive energy (right hand)
 t - a +3 ring of dexterity {unknown}
 u - a ring of flight (left hand)
Magical devices
 m - a wand of random effects (22)
Scrolls
 a - a scroll of identify
 k - 3 scrolls of recharging
 p - 2 scrolls of remove curse
 v - a scroll of enchant weapon {unknown}
Potions
 e - a potion of cure mutation
 n - a potion of flight {unknown}
 o - a potion of cancellation {unknown}
 q - a potion of might {unknown}
 r - a potion of brilliance {unknown}
Comestibles
 f - 6 bread rations
 h - 5 chunks of flesh
 j - a royal jelly
 l - 2 meat rations


   Skills:
 + Level 3.2 Fighting
   Level 1.2(1.3) Short Blades
 + Level 0.8(1.2) Long Blades
 + Level 6.4 Bows
 + Level 3.8 Dodging
 + Level 3.2 Stealth


You had 4 spell levels left.
You didn't know any spells.

Dungeon Overview and Level Annotations

Branches:
Dungeon (4/15)
 Temple: D:4-7

Altars:
Elyvilon
Nemelex Xobeh
Xom

Annotations:
D:4 Ijyb; poirepourri's ghost, experienced TrBe


Message History

Drink which item? (? for menu, Esc to quit)
You feel better. The adder barely misses you.
The orc wizard closely misses you. The orc priest hits you with a flail.
* * * LOW HITPOINT WARNING * * *
The worker ant bites you.
* * * LOW HITPOINT WARNING * * *
Read which item? (? for menu, Esc to quit)
Okay, then.
Drink which item? (? for menu, Esc to quit)
Okay, then.
Read which item? (? for menu, Esc to quit)
Okay, then.
The orc priest barely misses you. The adder bites you but does no damage.
Read which item? (? for menu, Esc to quit)
As you read the scroll of fog, it crumbles to dust.
The scroll dissolves into smoke.
The adder closely misses you.
The orc priest calls upon Beogh to heal the orc wizard.
The orc wizard's wounds heal themselves!
The worker ant bites you.
You die...

#. #. ....(....# #. ###.
.......... . #. #.. ..!......##.
#. #.######..((##... .)
##.##.##....(...(..####...
###........#.....§....#....#
#..........#....o§§........##
#..........#...§a§§§..#.....##
#..........###.@So§#.##.......
#..........##..#.§§..#.....#
#.....÷........#####.....#(#####
##...........##.####.............
........)...............#.##..##.
..........##.......#....#..# .
......<..###.....<.#....##.#
........## #(......#....##.#
........# #.......#....##..


You could see a worker ant, an orc priest, an orc wizard and an adder.

Vanquished Creatures
  4 adders
  10 gnolls
  A giant mite (D:2)
  3 worms (D:3)
  5 orcs
  A bat skeleton (D:4)
  7 giant cockroaches
  7 hobgoblins
  5 jackals (D:2)
  7 kobolds
  An ooze (D:3)
  5 quokkas
  2 ball pythons
  8 bats
  4 giant newts
  7 goblins
  8 rats
85 creatures vanquished.

Notes
Turn   | Place    | Note
--------------------------------------------------------------
     0 | D:1      | Miyamura, the High Elf Hunter, began the quest for the Orb.
     0 | D:1      | Reached XP level 1. HP: 14/14 MP: 2/2
   153 | D:1      | Reached XP level 2. HP: 19/19 MP: 3/3
   486 | D:2      | Reached XP level 3. HP: 7/24 MP: 5/5
   592 | D:2      | Found a shimmering altar of Xom.
   592 | D:2      | Found a white marble altar of Elyvilon.
   739 | D:2      | Reached skill level 6 in Bows
   755 | D:2      | Reached XP level 4. HP: 26/30 MP: 7/7
  1288 | D:2      | You fall through a shaft!
  2170 | D:3      | Reached XP level 5. HP: 34/36 MP: 8/8
  2296 | D:3      | Reached skill level 1 in Short Blades
  2387 | D:3      | Found a sparkling altar of Nemelex Xobeh.
  2513 | D:4      | Noticed poirepourri's ghost (experienced TrBe)
  2549 | D:4      | Noticed Ijyb
  2873 | D:4      | Slain by a worker ant

Action                   |  1- 3 |  4- 6 || total
-------------------------+-------+-------++-------
Melee: Short sword       |     4 |    85 ||    89
 Fire: Shortbow          |    76 |   115 ||   191
  Use: Scroll            |     5 |     6 ||    11
       Potion            |     2 |     2 ||     4
 Stab: Distracted        |       |     1 ||     1
       Sleeping          |       |     1 ||     1
  Eat: Chunk             |       |     6 ||     6
